 Dungeon Crawl Stone Soup version 0.30-a0-4-ga7cffc901d (webtiles) character file.

Game seed: 10707624381130997170

82 Setbun the Sneak (level 4, -5/26 HPs)
             Began as a Kobold Enchanter on Aug 20, 2022.
             Slain by an iguana (11 damage)
             ... on level 2 of the Dungeon.
             The game lasted 00:02:28 (2523 turns).

Setbun the Sneak (Kobold Enchanter)                 Turns: 2523, Time: 00:02:29

Health: -5/26      AC:  3    Str:  5    XL:     4   Next: 70%
Magic:  7/7        EV: 15    Int: 16    God:
Gold:   135        SH:  0    Dex: 17    Spells: 7/7 levels left

rFire   . . .      SeeInvis .    a - +1 dagger
rCold   . . .      Faith    .    (no shield)
rNeg    . . .      Spirit   .    b - +0 robe
rPois   +          Reflect  .    (no helmet)
rElec   .          Harm     .    q - +0 cloak
rCorr   .          Rampage  .    (no gloves)
Will    .....                    (no boots)
Stlth   ++++......               (no amulet)
HPRegen 0.08/turn                j - ring of poison resistance
MPRegen 0.10/turn                (no ring)

@: no status effects
A: small, no large weapons, nightstalker 3
a: no special abilities


You were on level 2 of the Dungeon.
You visited 1 branch of the dungeon, and saw 3 of its levels.

You collected 135 gold pieces.

Inventory:

Hand Weapons
 a - a +1 dagger (weapon)
Armour
 b - a +0 robe (worn)
 q - a +0 cloak (worn)
Jewellery
 j - a ring of poison resistance (left hand)
Scrolls
 d - a scroll of enchant armour {unknown}
 f - a scroll of fog {unknown}
 m - a scroll of noise {unknown}
 n - a scroll of summoning {unknown}
 p - a scroll of identify {unknown}
Potions
 c - a potion of invisibility
 e - a potion of cancellation {unknown}
 g - 5 potions of curing
 h - a potion of brilliance {unknown}
 i - 2 potions of lignification {unknown}
 k - a potion of heal wounds {unknown}
 l - a potion of mutation {unknown}
 o - a potion of magic {unknown}
 r - a potion of haste
 s - a potion of flight {unknown}


   Skills:
 + Level 1.6 Fighting
 * Level 3.5 Short Blades
 + Level 3.2 Dodging
 + Level 4.8 Stealth
 - Level 2.1 Spellcasting
 - Level 3.0 Hexes


You had 7 spell levels left.
You didn't know any spells.
Your spell library contained the following spells:

 Spells                   Type           Power      Damage    Failure   Level
 Ensorcelled Hibernation  Hex/Ice        12%        N/A       17%         2
 Confusing Touch          Hex            11%        N/A       19%         3
 Tukima's Dance           Hex            11%        N/A       19%         3
 Dazzling Flash           Conj/Hex       12%        N/A       32%         3
 Portal Projectile        Hex/Tloc       12%        N/A       32%         3
 Call Canine Familiar     Summ           1%         N/A       52%         3
 Leda's Liquefaction      Hex/Erth       3%         N/A       73%         4


Dungeon Overview and Level Annotations

Branches:
Dungeon (3/15)

Altars:

Shops:
D:3 *


Innate Abilities, Weirdness & Mutations

You are small and have problems with some larger weapons.
You are completely attuned to the shadows.


Message History

* * * LOW HITPOINT WARNING * * *
You are too injured to fight recklessly!
You are too injured to fight recklessly!
You are too injured to fight recklessly!
You are too injured to fight recklessly!
You are too injured to fight recklessly!
You are too injured to fight recklessly!
You are too injured to fight recklessly!
You are too injured to fight recklessly!
You are too injured to fight recklessly!
You are too injured to fight recklessly!
You are too injured to fight recklessly!
You are too injured to fight recklessly!
You hit the iguana but do no damage.
The iguana is moderately wounded.
The iguana barely misses you.
You hit the iguana.
The iguana is heavily wounded.
The iguana barely misses you.
You hit the iguana but do no damage.
The iguana is heavily wounded.
The iguana misses you.
A rat comes into view.
Found a stone staircase leading down.
The frilled lizard unfolds its giant frill.
The rat attacks as you move away! The rat misses you.
The iguana attacks as you move away! The iguana bites you.
* * * LOW HITPOINT WARNING * * *
The rat attacks as you move away! The rat closely misses you.
The rat attacks as you move away! The rat barely misses you.
The rat attacks as you move away! The rat barely misses you.
The rat attacks as you move away! The rat closely misses you.
The rat attacks as you move away! The rat misses you.
The rat attacks as you move away! The rat bites you but does no damage.
The rat attacks as you move away! The rat closely misses you.
The iguana enters a dispersal trap!
The rat blinks! x3; You blink.
The iguana blinks!
The rat enters a dispersal trap!
You blink.
The rat blinks!
The iguana attacks as you move away! The iguana bites you!
You die...

##.##..#.#...#.#.##.##.###..##.#
##...............[...........#.#
#####..#.#...#.#.###.#.###...#.##
#####.##.#....>..###.#.###...#.##
...)..##.............#.........#.
#########...###...^..#######.....
### #...# #r).....§....#####. ..#
#...# #.l....#####.#####. #.####
#...# #.@.......(........
.....####...#####.#######........
#.#........(......# #........
........).........# #........
.##.........).....# #.#......
.....##.#....###### ### #.#......
.######.#....# ##.###.#...... .#
#.#....# #.#....####### .###
#.#÷...# ##.###########


You could see an iguana and a rat.

Vanquished Creatures
  5 adders (D:2)
  A dart slug (D:2)
  7 bats
  3 endoplasms
  3 giant cockroaches
  2 goblins (D:2)
  2 hobgoblins (D:2)
  4 jackals (D:2)
  3 kobolds
  A ball python (D:2)
  A ball python zombie (D:3)
  4 frilled lizards
  2 rats (D:2)
38 creatures vanquished.

Vanquished Creatures (others)
  A withered plant (D:3)
1 creature vanquished.

Grand Total: 39 creatures vanquished

Notes
Turn   | Place    | Note
-------+----------+-------------------------------------------
     0 | D:1      | Setbun the Kobold Enchanter began the quest for the Orb.
     0 | D:1      | Reached XP level 1. HP: 10/10 MP: 3/3
    34 | D:1      | Found a faded altar of an unknown god.
   602 | D:1      | Reached XP level 2. HP: 16/16 MP: 5/5
  1719 | D:2      | Reached skill level 1 in Fighting
  1719 | D:2      | Reached XP level 3. HP: 11/20 MP: 6/6
  1751 | D:2      | Reached XP level 4. HP: 12/25 MP: 7/7
  2312 | D:2      | You fall into a shaft and drop 1 floor!
  2314 | D:3      | Found Xynus's General Store.
  2523 | D:2      | Slain by an iguana

Illustrated notes

Levels and vault maps discovered:
D:1:      dpeg_arrival_rooms_b, layout_loops_corners,
          ebering_ecumenical_altar_webs
D:2:      layout_loops_cross, minmay_joined_circles
D:3:      layout_loops_cross, serial_shops, nicolae_shop_advertising_works
          [nicolae_subvault_shop_adworks], serial_undead, serial_undead_a,
          serial_undead_d, serial_undead_f, serial_undead_f, minmay_quantized

Skill      XL: |  1  2  3 |
---------------+----------+-----
Short Blades   | 2 3 |  3.5
Fighting       | 1 |  1.6
Dodging        | 3 |  3.2
Stealth        | |  4.8
Spellcasting   | |  2.1
Hexes          | |  3.0

Action                   |  1- 3 |  4- 6 || total
-------------------------+-------+-------++-------
Melee: Dagger            |    70 |    39 ||   109
       Punch             |       |     1 ||     1
  Use: Potion            |     3 |       ||     3
 Stab: Sleeping          |     7 |     4 ||    11
       Held in net/web   |     1 |       ||     1
       Invisible         |     6 |     4 ||    10
       Distracted        |     1 |       ||     1
Armor: Robe              |    15 |     3 ||    18
Dodge: Dodged            |    65 |    31 ||    96

Table legend: (Time is in decaauts)
 A = Elapsed time spent in this place.
 B = Non-inter-level travel time spent in this place.
 C = Inter-level travel time spent in this place.
 D = Time resting spent in this place.
 E = Time spent auto-exploring this place.
 F = Levels seen in this place.
 G = Mean time per level.
                   A        B        C        D        E       F      G
               +--------+--------+--------+--------+--------+-----+--------+
         Total |   2489 |   2415 |     74 |    277 |   1872 |   3 |  829.7 |
       Dungeon |   2489 |   2415 |     74 |    277 |   1872 |   3 |  829.7 |
               +--------+--------+--------+--------+--------+-----+--------+

Top non-repeatable levels by time:
     D:2: 1333 daAuts
     D:1: 997 daAuts
     D:3: 158 daAuts
